Match 40856553
Unlisted

Match 40856553
End
Royal Engineer Section
Royal Engineer Section
Selects Canadian Shock Battlegroup
Royal Engineer Section
Royal Engineer Section
Royal Engineer Section
Construct Section Command Post
Construct Platoon Command Post
Infantry Training
Selects Incendiary Munitions
Selects Pyrotechnics
6-pounder Anti-tank Gun Team
FutureNP
CAuMOH
MDJ13
Hunter
0
0

Comments sign in to comment!

No comments posted yet!